 Dungeon Crawl Stone Soup version 0.29-a0-284-gf9362112df (webtiles) character file.

Game seed: 18166453067755210434

6538 sammy202020 the Fighter (level 10, -4/87 HPs)
             Began as a Palentonga Fighter on Mar 18, 2022.
             Was a High Priest of Okawaru.
             Slain by an eight-headed hydra (12 damage)
             ... on level 1 of the Lair of Beasts.
             The game lasted 00:14:18 (10357 turns).

sammy202020 the Fighter (Palentonga Fighter)       Turns: 10357, Time: 00:14:19

Health: -4/87      AC: 22    Str: 24    XL:     10   Next: 70%
Magic:  3/10       EV:  9    Int: 12    God:    Okawaru [*****.]
Gold:   209        SH: 12    Dex: 15    Spells: 9/9 levels left

rFire   x . .      SeeInvis +   q - +11 flail of Gieneir {speed, rF- rCorr Str+3}
rCold   . . .      Faith    .   s - +0 kite shield
rNeg    . . .      Spirit   .   k - +1 chain mail
rPois   +          Reflect  .   (no helmet)
rElec   .          Harm     .   A - +2 cloak {Will+}
rCorr   +          Rampage  .   (no gloves)
Will    +....                   (no barding)
Stlth   ..........              m - amulet of the acrobat
HPRegen 0.24/turn               e - +6 ring of dexterity
MPRegen 0.12/turn               v - ring of poison resistance

@: heroic, finesse-ful, curled up
A: large, rugged brown scales 3, see invisible, deformed body, roll 1, armoured
tail, reflexive curl
a: Rolling Charge, Renounce Religion, Heroism, Finesse, Duel


You were on level 1 of the Lair of Beasts.
You worshipped Okawaru.
Okawaru was extremely pleased with you.
You visited 2 branches of the dungeon, and saw 9 of its levels.

You collected 404 gold pieces.
You spent 195 gold pieces at shops.

Inventory:

Hand Weapons
 a - a +1 war axe
 p - a +0 mace
 q - the +11 flail of Gieneir (weapon) {speed, rF- rCorr Str+3}
   (You found it on level 5 of the Dungeon)

   Attacks with this weapon are significantly faster.
   Str:       It affects your strength (+3).
   rF:        It makes you vulnerable to fire.
   rCorr:     It protects you from acid and corrosion.
Armour
 c - a +0 buckler
 k - a +1 chain mail (worn)
 s - a +0 kite shield (worn)
 A - a +2 cloak of willpower (worn)
Jewellery
 e - a +6 ring of dexterity (left hand)
 m - an amulet of the acrobat (around neck)
 t - a ring of willpower
 v - a ring of poison resistance (right hand)
 y - the amulet "Qeogynt" {Faith Int+3 Stlth+}
   (You found it on level 8 of the Dungeon)

   [amulet of faith]

   It allows you to gain divine favour quickly.
   Int:       It affects your intelligence (+3).
   Stlth:     It makes you more stealthy.
Wands
 d - a wand of iceblast (3)
 o - a wand of paralysis (9)
 C - a wand of flame (12)
Scrolls
 f - a scroll of amnesia
 h - 2 scrolls of teleportation
 w - a scroll of magic mapping
 x - a scroll of fear
 D - a scroll of identify
Potions
 b - a potion of lignification
 g - a potion of magic {unknown}
 i - a potion of heal wounds {unknown}
 j - 4 potions of attraction
 l - 3 potions of cancellation {unknown}
 n - 2 potions of flight
 r - 3 potions of curing
 u - a potion of resistance {unknown}
 z - 4 potions of might
 B - a potion of invisibility {unknown}


   Skills:
 * Level 8.5(13.5) Fighting
 - Level 5.2(11.2) Axes
 * Level 5.1(11.1) Maces & Flails
 * Level 7.1(12.1) Armour
 + Level 4.3(9.3) Dodging
 * Level 7.0(12.0) Shields


You had 9 spell levels left.
You didn't know any spells.
Your spell library contained the following spells:

 Spells                   Type           Power      Damage    Failure   Level
 Shock                    Conj/Air       0%         1d3       95%         1
 Slow                     Hex            0%         N/A       95%         1
 Corpse Rot               Necr/Air       0%         N/A       99%         2
 Poisonous Vapours        Pois/Air       0%         N/A       99%         2
 Confusing Touch          Hex            0%         N/A       100%        3
 Ignite Poison            Fire/Tmut/Pois 0%         N/A       100%        3
 Mephitic Cloud           Conj/Pois/Air  0%         N/A       100%        3
 Ozocubu's Armour         Ice            0%         N/A       100%        3
 Swiftness                Air            0%         N/A       100%        3
 Vampiric Draining        Necr           0%         2d6       100%        3
 Airstrike                Air            0%         N/A       100%        4
 Freezing Cloud           Conj/Ice/Air   0%         6-21      100%        5
 Metabolic Englaciation   Hex/Ice        0%         N/A       100%        5
 Simulacrum               Ice/Necr       Unusable   N/A       N/A         6

Dungeon Overview and Level Annotations

Branches:
Dungeon (8/15)             Temple (0/1) D:6            Lair (1/6) D:8

Altars:
Cheibriados
Dithmenos
Fedhas
Hepliaklqana
Makhleb
Okawaru
Wu Jian

Shops:
D:1 [   D:2 =   D:7 [


Innate Abilities, Weirdness & Mutations

You are completely covered in rugged brown scales. (AC +3, +7% HP)
You have supernaturally acute eyesight. (SInv)
Armour fits poorly on your strangely shaped body.
You can roll at nearby foes to attack.
You have a long armoured tail.
You curl defensively after being hit. (AC +7*)


Message History

The eight-headed hydra bites you but does no damage.
The eight-headed hydra bites you.
The eight-headed hydra bites you but does no damage.
The eight-headed hydra barely misses you.
The eight-headed hydra bites you. The eight-headed hydra bites you!
The eight-headed hydra bites you but does no damage.
The eight-headed hydra barely misses you.
You hit the eight-headed hydra.
The eight-headed hydra is moderately wounded.
A yak comes into view.
Unknown command.
You can now deal lightning-fast blows.
You block the eight-headed hydra's attack. x2
The eight-headed hydra bites you but does no damage. x2
The eight-headed hydra bites you.
The eight-headed hydra bites you but does no damage. x2
The eight-headed hydra bites you!
You sock the eight-headed hydra!
You tail-slap the eight-headed hydra, but do no damage.
The eight-headed hydra is heavily wounded.
The eight-headed hydra closely misses you.
The eight-headed hydra bites you but does no damage.
The eight-headed hydra bites you!
The eight-headed hydra bites you but does no damage. x2
The eight-headed hydra bites you! The eight-headed hydra bites you.
The eight-headed hydra bites you!
You gain the combat prowess of a mighty hero.
You block the eight-headed hydra's attack.
The eight-headed hydra completely misses you.
You block the eight-headed hydra's attack. x2
The eight-headed hydra bites you!
* * * LOW HITPOINT WARNING * * *
You block the eight-headed hydra's attack.
The eight-headed hydra bites you!
* * * LOW HITPOINT WARNING * * *
The eight-headed hydra bites you!
* * * LOW HITPOINT WARNING * * *
Unknown command.
You feel better. The eight-headed hydra bites you!
You die...

............
...........##.# #. .#+
††........## .. .##..
..........# #.##.#... .
..........+.......... ..#
..........#...♣...?.#.♣..
..................#.#....
............#.##D.......#
......... #.....@#.......
..#.##### ###..##[..# ##
....#########......##....
.......##................
.#...........###....♣.>.♣
..#.PP....#### #...#.....
.####.....# #....#.♣.# ##
###...# #....#..♣. #...#
#.........


You could see an eight-headed hydra.

Vanquished Creatures
  2 two-headed ogres
  Pikel (D:5)
  Prince Ribbit (D:8)
  5 blink frogs (Lair:1)
  Sigmund (D:3)
  A shadow (D:7)
  A basilisk (Lair:1)
  4 water moccasins (Lair:1)
  An ice beast (D:6)
  2 sky beasts (D:5)
  2 black bears
  4 ogres
  A centaur (D:5)
  2 phantoms
  A kobold brigand (D:8)
  6 bullfrogs
  A necrophage (D:2)
  A scorpion (D:4)
  4 wights (D:7)
  4 killer bees (D:8)
  3 electric eels
  A howler monkey (D:5)
  3 lava snakes (Lair:1)
  4 hounds (D:5)
  3 orc priests
  2 iguanas
  5 orc wizards
  12 gnolls
  9 adders
  A white imp (D:5)
  3 ufetubi
  2 worms
  2 dart slugs
  24 orcs
  2 ball pythons (D:2)
  5 bats
  9 endoplasms
  3 giant cockroaches (D:1)
  5 goblins
  3 hobgoblins
  5 jackals (D:1)
  9 kobolds
  4 quokkas
  2 frilled lizards
  4 rats
170 creatures vanquished.

Vanquished Creatures (others)
  A lava snake (Lair:1)
  8 plants (D:6)
9 creatures vanquished.

Grand Total: 179 creatures vanquished

Notes
Turn   | Place    | Note
-------+----------+-------------------------------------------
     0 | D:1      | sammy202020 the Palentonga Fighter began the quest for the
                  | Orb.
     0 | D:1      | Reached XP level 1. HP: 19/19 MP: 1/1
     3 | D:1      | Noticed an electric eel
     4 | D:1      | Noticed an electric eel
   153 | D:1      | Found Ybeux's Antique Armour Emporium.
   178 | D:1      | Reached XP level 2. HP: 25/25 MP: 2/2
   584 | D:1      | Found a faded altar of an unknown god.
   991 | D:1      | Reached XP level 3. HP: 31/31 MP: 3/3
  1320 | D:2      | Found an iron altar of Okawaru.
  1335 | D:2      | Became a worshipper of Warmaster Okawaru
  1385 | D:2      | Noticed a necrophage
  1394 | D:2      | Killed a necrophage
  1395 | D:2      | Reached XP level 4. HP: 20/38 MP: 4/4
  1939 | D:2      | Found Vaocwadd's One-of-a-Kind Rings.
  2117 | D:2      | Reached XP level 5. HP: 35/44 MP: 5/5
  2253 | D:2      | Reached skill level 1 in Dodging
  2402 | D:3      | Noticed Sigmund
  2412 | D:3      | Killed Sigmund
  2412 | D:3      | Reached * piety under Okawaru
  2413 | D:3      | Reached skill level 4 in Fighting
  2413 | D:3      | Reached XP level 6. HP: 32/51 MP: 6/6
  2939 | D:4      | Found a hazy altar of Hepliaklqana.
  2939 | D:4      | Found a blossoming altar of Fedhas.
  2939 | D:4      | Found a burning altar of Makhleb.
  2939 | D:4      | Found a shadowy altar of Dithmenos.
  2939 | D:4      | Found a snail-covered altar of Cheibriados.
  3268 | D:4      | Gained mutation: You curl defensively after being hit. (AC
                  | +7*) [Palentonga growth]
  3268 | D:4      | Reached XP level 7. HP: 41/58 MP: 7/7
  3608 | D:4      | You fall into a shaft and drop 2 floors!
  3616 | D:5      | Entered Level 5 of the Dungeon
  3795 | D:5      | Reached ** piety under Okawaru
  3796 | D:5      | Reached skill level 5 in Fighting
  4272 | D:5      | Noticed Pikel
  4293 | D:5      | Killed Pikel
  4294 | D:5      | Reached skill level 5 in Axes
  4294 | D:5      | Reached XP level 8. HP: 20/68 MP: 6/8
  4539 | D:5      | Identified the +11 flail of Gieneir {speed, rF- rCorr
                  | Str+3}
  4636 | D:5      | Reached skill level 6 in Fighting
  4730 | D:5      | Reached skill level 5 in Armour
  4730 | D:5      | Reached skill level 5 in Shields
  4856 | D:5      | Reached *** piety under Okawaru
  4857 | D:5      | Reached skill level 1 in Maces & Flails
  5495 | D:6      | Noticed a two-headed ogre
  5505 | D:6      | Killed a two-headed ogre
  5505 | D:6      | Reached **** piety under Okawaru
  5506 | D:6      | Reached XP level 9. HP: 29/75 MP: 9/9
  5738 | D:6      | Reached skill level 7 in Fighting
  5742 | D:6      | HP: 1/77 [orc wizard/+0 dagger (4)]
  6750 | D:6      | Found an ornate altar of the Wu Jian Council.
  6932 | D:6      | Found a staircase to the Ecumenical Temple.
  7759 | D:7      | Found Gujak's Antique Armour Emporium.
  7768 | D:7      | Bought a runed cloak for 195 gold pieces
  8045 | D:8      | Found a staircase to the Lair.
  8053 | D:8      | Noticed Prince Ribbit
  8069 | D:8      | Killed Prince Ribbit
  8070 | D:8      | Reached XP level 10. HP: 74/84 MP: 10/10
  8156 | D:8      | Noticed a two-headed ogre
  8168 | D:8      | Killed a two-headed ogre
  8672 | D:8      | Identified the amulet "Qeogynt" {Faith Int+3 Stlth+}
  8709 | Lair:1   | Entered Level 1 of the Lair of Beasts
  8737 | Lair:1   | Reached ***** piety under Okawaru
  8738 | Lair:1   | Reached skill level 8 in Fighting
 10218 | Lair:1   | Reached skill level 5 in Maces & Flails
 10348 | Lair:1   | Noticed an eight-headed hydra
 10350 | Lair:1   | Identified the +5 kite shield of Icyd {rPois Int+3 Dex+2}
                  | (Okawaru gifted it to you on level 1 of the Lair of Beasts)
 10350 | Lair:1   | Received a gift from Okawaru
 10356 | Lair:1   | HP: 1/87 [eight-headed hydra (7)]
 10357 | Lair:1   | Slain by an eight-headed hydra

Illustrated notes

Levels and vault maps discovered:
D:1:      arrival_aquarium_b, layout_basic, dilly_ecumenical_altar_fadedgnrine,
          serial_shops, shop, minmay_tripent
D:2:      layout_basic, basic_altar, hangedman_decor_slide_cut,
          skrybe_limestone_x, kennysheep_path_1, nicolae_shop_unique_rings,
          minivault_11
D:3:      layout_rooms, uniq_sigmund
D:4:      layout_loops_ring, grunt_temple_overflow_open, enter_ossuary_3,
          uniq_eustachio, uniq_menkaure, uniq_crazy_yiuf_cottage, uniq_natasha
D:5:      layout_basic, wad_rectangle_vault, uniq_pikel
D:6:      layout_basic, nzn_wu_jian_contemplation,
          minmay_temple_entry_gardened_gates
D:7:      layout_rooms, serial_shops, nicolae_lakefront_shop,
          grunt_ministairs_14, minivault_4
D:8:      layout_loops_cross, lair_entry_dummy, uniq_prince_ribbit1
Lair:1:   layout_cave_pods, nicolae_lair_liquid_snakes, grunt_megastairs_1

Skill      XL: |  1  2  3  4  5  6  7  8  9 10 |
---------------+-------------------------------+-----
Armour         | 3 4 5 6 7 |  7.1
Shields        | 3 4 5 6 7 |  7.0
Axes           | 3 4 5 |  5.2
Dodging        | 1 2 3 4 |  4.3
Fighting       | 4 5 6 7 8 |  8.5
Maces & Flails | 2 3 5 |  5.1

Action                   |  1- 3 |  4- 6 |  7- 9 | 10-12 || total
-------------------------+-------+-------+-------+-------++-------
Melee: War axe           |    77 |   101 |    90 |       ||   268
       Tailslap          |     7 |     8 |    25 |    10 ||    50
       Flail             |       |       |   165 |   102 ||   267
Invok: Heroism           |       |     1 |     2 |     1 ||     4
       Finesse           |       |       |     1 |     1 ||     2
 Abil: Rolling Charge    |     1 |     4 |     8 |     6 ||    19
  Use: Potion            |       |     1 |     1 |     1 ||     3
       Scroll            |       |       |    16 |       ||    16
Armor: Scale mail        |    54 |       |       |       ||    54
       Chain mail        |    15 |    73 |   117 |    45 ||   250
Dodge: Dodged            |    31 |    33 |    65 |    35 ||   164
Block: Buckler           |    19 |    15 |       |       ||    34
       Kite shield       |       |    26 |   117 |    47 ||   190

Table legend: (Time is in decaauts)
 A = Elapsed time spent in this place.
 B = Non-inter-level travel time spent in this place.
 C = Inter-level travel time spent in this place.
 D = Time resting spent in this place.
 E = Time spent auto-exploring this place.
 F = Levels seen in this place.
 G = Mean time per level.
                   A        B        C        D        E       F      G
               +--------+--------+--------+--------+--------+-----+--------+
         Total |  10427 |  10341 |     86 |   2353 |   6468 |   9 | 1158.6 |
       Dungeon |   8789 |   8703 |     86 |   1205 |   6155 |   8 | 1098.6 |
          Lair |   1638 |   1638 |      0 |   1148 |    313 |   1 | 1638.0 |
               +--------+--------+--------+--------+--------+-----+--------+

Top non-repeatable levels by time:
     D:5: 1862 daAuts
     D:6: 1758 daAuts
  Lair:1: 1638 daAuts
     D:1: 1300 daAuts
     D:2: 1095 daAuts
     D:7: 761 daAuts
     D:8: 722 daAuts
     D:4: 683 daAuts
     D:3: 606 daAuts
